cohdb
Replays
Latest Replays
All Replays
Popular Replays
Top Player Replays
Match Explorer
How It Works
Community
CoH3 Stats
Reddit
Sign in to upload your games and track your stats! →
Sign in with Steam
Match 42606986
Unlisted
Match 42606986
Overview
Messages
Build Orders
End
Panzergrenadier Squad
Panzergrenadier Squad
Panzergrenadier Squad
Construct Light Support Kompanie
MG34 Team
2.5-tonne Medical Truck
Panzerjäger Squad
Selects Panzerjäger Kommand Battlegroup
Selects Tank Busters
Selects Mine Fields
Fire Support Elements
Selects Defensive Positions
MG34 Team
Panzerjäger Squad
Construct Panzerarmee Kommand
Panzer III L Medium Tank
Panzer III L Medium Tank
2.5-tonne Medical Truck
GhoxxY
ROMIX911
Anders
Sarmynation
0
0
Comments
sign in to comment!
No comments posted yet!